 Dungeon Crawl Stone Soup version 0.25-a0-474-ga8a2ee3166 (webtiles) character file.

Game seed: 15880148660580893350, levelgen mode: deterministic

74 funkygono the Conjurer (level 4, -12/27 HPs)
             Began as an Octopode Conjurer on Feb 6, 2020.
             Killed by nerve-wracking pain
             ... invoked by Grinder
              (13 damage)
             ... on level 4 of the Dungeon.
             The game lasted 00:04:05 (1379 turns).

funkygono the Conjurer (Octopode Conjurer)          Turns: 1379, Time: 00:04:06

Health: -12/27     AC:  4    Str:  7    XL:     4   Next: 28%
Magic:  1/7        EV: 10    Int: 18    God:
Gold:   115        SH:  6    Dex: 12    Spells: 4/7 levels left

rFire    . . .     SeeInvis .   h - +0 club
rCold    . . .     Gourm    .   e - +0 shield {AC+3}
rNeg     . . .     Faith    .   (helmet restricted)
rPois    .         Spirit   .   k - amulet of harm
rElec    .         Reflect  .   (no ring)
rCorr    .         Harm     +   (no ring)
MR       .....                  (no ring)
Stlth    +++.......             (no ring)
HPRegen  0.09/turn              (no ring)
MPRegen  0.10/turn              (no ring)
                                (no ring)
                                (no ring)

@: very slightly contaminated
A: almost no armour, stealthy swim, amphibious, 8 rings, constrict 8, camouflage
1, gelatinous body 1
a: no special abilities


You were on level 4 of the Dungeon.
You were not hungry.

You visited 1 branch of the dungeon, and saw 3 of its levels.

You collected 115 gold pieces.

Inventory:

Hand Weapons
 h - a +0 club (weapon)
Missiles
 i - 144 stones (quivered)
Armour
 e - a +0 shield of protection (worn)
Jewellery
 k - an amulet of harm (around mantle)
Scrolls
 c - 3 scrolls of identify
 l - 2 scrolls of magic mapping {unknown}
 m - a scroll of amnesia {unknown}
 n - a scroll of teleportation {unknown}
Potions
 a - 2 potions of invisibility {unknown}
 d - a potion of curing
 f - a potion of cancellation {unknown}
 g - a potion of agility
 j - a potion of brilliance
Comestibles
 b - 5 rations
 o - 2 chunks of flesh


   Skills:
 + Level 2.2 Dodging
 + Level 3.2 Stealth
 + Level 2.4 Spellcasting
 + Level 5.1 Conjurations


You had 4 spell levels left.
You knew the following spells:

 Your Spells              Type           Power        Failure   Level  Hunger
a - Magic Dart            Conj           ###.         14%         1    #......
b - Searing Ray           Conj           ###...       22%         2    ##.....

Your spell library contained the following spells:

 Spells                   Type           Power        Failure   Level  Hunger
 Dazzling Flash           Conj/Hex       ##....       77%         3    ###....
 Confusing Touch          Hex            #.......     98%         3    ###....
 Gell's Gravitas          Tloc           #.........   98%         3    ###....
 Fulminant Prism          Conj/Hex       ##........   99%         4    #####..
 Iskenderun's Mystic Bla  Conj/Tloc      ##......     99%         4    #####..
 Petrify                  Tmut/Erth      #.......     100%        4    #####..
 Metabolic Englaciation   Hex/Ice        #.........   100%        5    ######.
 Yara's Violent Unravell  Hex/Tmut       #.........   100%        5    ######.


Dungeon Overview and Level Annotations

Branches:
Dungeon (2/15)

Altars:
Fedhas

Annotations:
D:4 Grinder


Innate Abilities, Weirdness & Mutations

You cannot wear most types of armour.
You are very stealthy in the water. (Stealth+)
You are amphibious.
You can wear up to eight rings at the same time.
You can use your tentacles to constrict eight enemies at once.
Your skin changes colour to match your surroundings (Stealth+).
Your rubbery body absorbs attacks. (AC +1, EV +1)


Message History

Press: ? - help, Shift-Dir - straight line, f/p - Grinder
Aim: Grinder You miscast Magic Dart.
Sparks fly from your tentacles!
Casting: Magic Dart (safe; 14% risk of failure)
Confirm with . or Enter, or press ? or * to list all spells.
Aiming: Magic Dart (safe; 14% risk of failure)
Press: ? - help, Shift-Dir - straight line, f/p - Grinder
Aim: Grinder The magic dart hits Grinder.
Grinder is lightly wounded.
Grinder gestures at you. Pain shoots through your body!
* * * LOW HITPOINT WARNING * * *
Casting: Magic Dart (safe; 14% risk of failure)
Confirm with . or Enter, or press ? or * to list all spells.
You don't have enough magic to cast that spell.
Unknown command.
Grinder gestures at you. Pain shoots through your body!
You die...

#.###.#.#.####...##
#.................#####
####.#.#.####.##.....#
#.....# #.######.####
###.### #.# ##.#...
#...# #.# ##..#.##
###.# #.# ##.#.#.#
#.####.###.##...##
###@...........#....
#.5...##.###..##....
######.....##.#
##....###
...>..........# ##..##
######.....#### ###
#.....# #######


You could see Grinder.

Vanquished Creatures
  A worker ant (D:4)
  2 adders (D:2)
  A dart slug (D:1)
  2 leopard geckos (D:2)
  7 bats
  2 giant cockroaches
  3 goblins
  2 hobgoblins (D:1)
  A kobold (D:2)
  A frilled lizard (D:2)
  6 rats
28 creatures vanquished.

Notes
Turn   | Place    | Note
-------+----------+-------------------------------------------
     0 | D:1      | funkygono the Octopode Conjurer began the quest for the
                  | Orb.
     0 | D:1      | Reached XP level 1. HP: 11/11 MP: 3/3
   152 | D:1      | Reached XP level 2. HP: 16/17 MP: 0/5
   208 | D:1      | Learned a level 2 spell: Searing Ray
   751 | D:2      | Reached XP level 3. HP: 21/21 MP: 2/6
   966 | D:2      | Found a blossoming altar of Fedhas.
  1308 | D:2      | You fall into a shaft and drop 2 floors!
  1364 | D:4      | Reached skill level 5 in Conjurations
  1364 | D:4      | Reached XP level 4. HP: 13/27 MP: 4/7
  1371 | D:4      | Noticed Grinder
  1376 | D:4      | HP: 1/27 [Grinder/nerve-wracking pain (13)]
  1379 | D:4      | Killed from afar by Grinder

Levels and vault maps discovered:
D:1:      dpeg_arrival_arbitrary_b, layout_basic
D:2:      layout_basic, nicolae_overflow_hidden_temple, first_ration
D:4:      layout_loops_ring, uniq_grinder

Skill      XL: |  1  2  3 |
---------------+----------+-----
Stealth        | 3 |  3.2
Conjurations   | 5 |  5.1
Dodging        | |  2.2
Spellcasting   | |  2.4

Action                   |  1- 3 |  4- 6 || total
-------------------------+-------+-------++-------
Melee: Unarmed           |     3 |       ||     3
       Tentacles         |     3 |       ||     3
       Club              |     8 |       ||     8
       Constrict         |     1 |       ||     1
 Cast: Magic Dart        |    48 |     2 ||    50
       Searing Ray       |     1 |       ||     1
  Use: Scroll            |     4 |       ||     4
  Eat: Chunk             |     2 |       ||     2
Armor: Skin              |     7 |       ||     7
Dodge: Dodged            |     8 |       ||     8
Block: Shield            |     4 |       ||     4

Table legend:
 A = Non-vault XP
 B = Vault XP
 C = Vault XP percentage of total XP
 D = Non-vault monster count
 E = Vault monster count
 F = Vault count percentage of total count
                 A         B        C        D         E       F
            +---------+---------+-------+---------+---------+-------
      Total |     106 |       0 |   0.0 |      28 |       0 |   0.0
            +---------+---------+-------+---------+---------+-------
        D:1 |      26 |       0 |   0.0 |      14 |       0 |   0.0
        D:2 |      46 |       0 |   0.0 |      13 |       0 |   0.0
        D:4 |      34 |       0 |   0.0 |       1 |       0 |   0.0
            +---------+---------+-------+---------+---------+-------
